 Dungeon Crawl Stone Soup version 0.22-a0-430-g6609fc6 (webtiles) character file.

5840 MisterFreud the Martial Artist (level 10, -3/58 HPs)
             Began as an Octopode Transmuter on May 26, 2018.
             Was a High Priest of Cheibriados.
             Shot with an arrow by a centaur (11 damage)
             ... on level 9 of the Dungeon.
             The game lasted 00:25:20 (8735 turns).

MisterFreud the Martial Artist (OpTm)               Turns: 8735, Time: 00:25:20

Health: -3/58      AC:  1    Str: 24    XL:     10   Next: 80%
Magic:  16/16      EV: 22    Int: 31    God:    Cheibriados [*****.]
Gold:   378        SH:  0    Dex: 28    Spells: 3/18 levels left

rFire    . . .     SeeInvis .     - Unarmed
rCold    . . .     Gourm    .   (shield currently unavailable)
rNeg     . . .     Faith    .   (helmet restricted)
rPois    +         Spirit   .   (no amulet)
rElec    .         Reflect  .   l - +1 ring of evasion
rCorr    .         Harm     .   q - ring of poison resistance
MR       .....                  (no ring)
Stlth    +++.......             (no ring)
HPRegen  0.19/turn              (no ring)
MPRegen  0.15/turn              (no ring)
                                (no ring)
                                (no ring)

@: blade tentacles, very slow
A: almost no armour, stealthy swim, amphibious, 8 rings, constrict 8, camouflage
1, gelatinous body 1
a: End Transformation, Bend Time, Temporal Distortion, Slouch, Step From Time,
Renounce Religion


You were on level 9 of the Dungeon.
You worshipped Cheibriados.
Cheibriados was extremely pleased with you.
You were not hungry.
You had blades for tentacles.
You visited 1 branch of the dungeon, and saw 9 of its levels.

You collected 378 gold pieces.

Inventory:

Missiles
 a - 138 arrows
 i - 166 stones (quivered)
 s - 3 needles of paralysis
 v - 15 bolts
 C - 3 tomahawks
 D - 15 sling bullets
Armour
 w - a +2 buckler (melded)
Jewellery
 l - a +1 ring of evasion (left scythe-like blade)
 q - a ring of poison resistance (right scythe-like blade)
Wands
 g - a wand of digging (12)
 m - a wand of paralysis (10)
 u - a wand of acid (5)
 y - a wand of polymorph (10)
 E - a wand of iceblast (10)
Scrolls
 b - 3 scrolls of amnesia
 d - a scroll of noise {unknown}
 e - 8 scrolls of remove curse
 f - 3 scrolls of teleportation
 j - a scroll of fog
 k - a scroll of magic mapping
 n - a scroll of blinking
 o - 2 scrolls of random uselessness
 A - a scroll of fear {unknown}
Potions
 h - 2 potions of agility
 p - 2 potions of cancellation
 r - 3 potions of flight
 t - a potion of mutation
 x - a potion of brilliance
 z - 2 potions of might {unknown}
Comestibles
 c - 24 rations


   Skills:
 - Level 1.0 Fighting
 + Level 7.3 Dodging
 - Level 4.1 Shields
 + Level 10.6 Unarmed Combat
 - Level 4.6 Spellcasting
 + Level 6.9 Transmutations
 - Level 4.0 Invocations


You had 3 spell levels left.
You knew the following spells:

 Your Spells              Type           Power        Failure   Level  Hunger
a - Beastly Appendage     Tmut           ######       11%         1    None
b - Sticks to Snakes      Tmut           ######..     12%         2    None
c - Spider Form           Tmut/Pois      ####......   30%         3    #......
d - Blade Hands           Tmut           ######....   45%         5    #####..
e - Ice Form              Ice/Tmut       ####....     54%         4    ###....

Your spell library contained the following spells:

 Spells                   Type           Power        Failure   Level  Hunger
 Regeneration             Chrm/Necr      #.........   58%         3    #......
 Shroud of Golubria       Chrm/Tloc      #.........   43%         2    None
 Infusion                 Chrm           #...         36%         1    None
 Song of Slaying          Chrm           #.......     43%         2    None
 Spectral Weapon          Hex/Chrm       #.......     58%         3    #......


Dungeon Overview and Level Annotations

Branches:
Dungeon (9/15)             Temple (0/1) D:5
   Lair: D:8-11         Orc: D:9-12

Altars:
Ashenzari
Cheibriados
Elyvilon
Okawaru
Qazlal
Trog
Wu Jian
Xom
The Shining One

Annotations:
D:6 Pikel


Innate Abilities, Weirdness & Mutations

You cannot wear most types of armour.
You are very stealthy in the water. (Stealth+)
You are amphibious.
You can wear up to eight rings at the same time.
You can use your tentacles to constrict eight enemies at once.
Your skin changes colour to match your surroundings (Stealth+).
Your rubbery body absorbs attacks. (AC +1, EV +1)


Message History

The hound completely misses you.
The centaur shouts!
You hit the hound. Your grab misses the hound. Your slash misses the hound.
Your squeeze misses the hound.
The hound is moderately wounded.
The hound completely misses you.
You closely miss the hound. You grab the hound. You squeeze the hound!
The hound is almost dead.
You constrict the hound.
You kill the hound!
Cheibriados thoroughly appreciates the change of pace.
The centaur wields a shortbow.
The centaur shoots an arrow.
The arrow hits you!
The centaur shoots an arrow.
The arrow hits you!
The centaur shoots an arrow.
The arrow hits you!
* * * LOW HITPOINT WARNING * * *
The centaur shoots an arrow.
The arrow hits you!
* * * LOW HITPOINT WARNING * * *
You see here 2 arrows.
The centaur shoots an arrow.
The arrow hits you!
You die...

#..# #c.# #..#
#..#####.
#######.......}
(......†.......
#...(......?
#..(######## #..@#
#.).# #..<# #..)#
#...# # #...#
##.#######...#
.............######
...................


You could see a centaur.

Vanquished Creatures
  Erica (D:8)
  A two-headed ogre (D:6)
  A spriggan (D:8)
  5 yaks
  A hungry ghost (D:8)
  A water moccasin (D:6)
  An orc warrior (D:6)
  3 slaves (D:6)
  2 ice beasts
  A necrophage (D:8)
  3 centaurs
  7 ogres
  4 bullfrogs
  A gnoll sergeant (D:7)
  A scorpion (D:5)
  4 killer bees
  A howler monkey (D:5)
  2 crimson imps (D:6)
  7 hounds
  2 jellies
  4 orc wizards
  Crazy Yiuf (D:2)
  2 bullfrog skeletons
  2 gnoll shamans (D:6)
  4 orc priests
  2 iguanas (D:7)
  Terence (D:3)
  5 worker ants
  A howler monkey zombie (D:8)
  18 gnolls
  A howler monkey skeleton (D:5)
  11 adders
  6 river rats (D:5)
  3 shadow imps
  An ooze (D:4)
  2 worms
  5 dart slugs
  6 leopard geckos
  23 orcs
  3 giant cockroaches
  7 goblins
  4 hobgoblins
  12 jackals
  7 quokkas (D:5)
  3 ball pythons
  4 bats
  8 frilled lizards
  11 kobolds
  3 leopard gecko zombies
  A quokka skeleton (D:5)
  17 rats
227 creatures vanquished.

Vanquished Creatures (collateral kills)
  The ghost of MisterFreud the Spear-Bearer, a novice MfGl of Jiyva (D:5)
1 creature vanquished.

Grand Total: 228 creatures vanquished

Notes
Turn   | Place    | Note
-------+----------+-------------------------------------------
     0 | D:1      | MisterFreud the Octopode Transmuter began the quest for the Orb.
     0 | D:1      | Reached XP level 1. HP: 13/13 MP: 3/3
   161 | D:1      | Reached XP level 2. HP: 11/18 MP: 5/5
   462 | D:1      | Reached skill level 4 in Unarmed Combat
   782 | D:2      | Reached XP level 3. HP: 22/23 MP: 6/6
   862 | D:2      | Found a stormy altar of Qazlal.
  1208 | D:2      | Learned a level 2 spell: Sticks to Snakes
  1212 | D:2      | Learned a level 3 spell: Spider Form
  1300 | D:2      | Reached XP level 4. HP: 25/28 MP: 7/7
  1516 | D:2      | Reached skill level 5 in Unarmed Combat
  1568 | D:2      | Found a snail-covered altar of Cheibriados.
  1575 | D:2      | Became a worshipper of Cheibriados the Contemplative
  1754 | D:2      | Found a runed door.
  1997 | D:3      | Found a glowing golden altar of the Shining One.
  2059 | D:3      | Reached * piety under Cheibriados
  2088 | D:3      | Found a shimmering altar of Xom.
  2174 | D:2      | Reached XP level 5. HP: 6/33 MP: 8/8
  2790 | D:3      | Noticed Terence
  2801 | D:3      | Killed Terence
  2801 | D:3      | Reached skill level 6 in Unarmed Combat
  2876 | D:4      | Found a shattered altar of Ashenzari.
  3109 | D:4      | Reached XP level 6. HP: 28/38 MP: 9/9
  3500 | D:5      | Entered Level 5 of the Dungeon
  3539 | D:5      | Reached ** piety under Cheibriados
  3539 | D:5      | Reached skill level 1 in Shields
  3557 | D:5      | Found a staircase to the Ecumenical Temple.
  3889 | D:5      | Found a white marble altar of Elyvilon.
  3924 | D:5      | Reached skill level 7 in Unarmed Combat
  4007 | D:5      | Found an ornate altar of the Wu Jian Council.
  4111 | D:5      | Found an iron altar of Okawaru.
  4197 | D:5      | Reached XP level 7. HP: 31/43 MP: 10/10
  4236 | D:5      | Noticed MisterFreud's ghost (novice MfGl)
  4474 | D:5      | Reached *** piety under Cheibriados
  4753 | D:6      | Reached skill level 8 in Unarmed Combat
  4756 | D:6      | Reached XP level 8. HP: 30/48 MP: 9/11
  5211 | D:6      | Noticed Pikel
  5548 | D:6      | Reached **** piety under Cheibriados
  6002 | D:5      | Killed MisterFreud's ghost
  6002 | D:5      | Reached skill level 5 in Transmutations
  6090 | D:5      | Reached XP level 9. HP: 40/53 MP: 12/15
  6334 | D:6      | Noticed a two-headed ogre
  6342 | D:6      | Killed a two-headed ogre
  6595 | D:7      | Reached skill level 9 in Unarmed Combat
  6807 | D:7      | Reached ***** piety under Cheibriados
  6865 | D:7      | Reached skill level 5 in Dodging
  6869 | D:7      | Reached XP level 10. HP: 44/58 MP: 13/16
  6997 | D:7      | Found a bloodstained altar of Trog.
  7342 | D:8      | Noticed Erica
  7361 | D:8      | Killed Erica
  7361 | D:8      | Reached skill level 10 in Unarmed Combat
  7570 | D:8      | Learned a level 5 spell: Blade Hands
  7575 | D:8      | Learned a level 4 spell: Ice Form
  8185 | D:2      | Noticed Crazy Yiuf
  8189 | D:2      | Killed Crazy Yiuf
  8522 | D:9      | Noticed a two-headed ogre
  8735 | D:9      | Shot with an arrow by a centaur

Vault maps used:
D:1:      dpeg_arrival_arbitrary_b
D:2:      old_standard_altar, old_standard_altar, uniq_crazy_yiuf_cottage
D:3:      lemuel_coloured_pillars_altar, tso_metal_star, uniq_terence
D:4:      evilmike_ruin_ashenzari
D:5:      lemuel_ratsnest, overflow_temple_1_default, elyvilon_altar_3,
          temple_green, serial_glass, glass_columns_a, glass_columns_c,
          glass_columns_b, glass_columns_a, glass_columns_b, glass_columns_a,
          glass_columns_a, glass_columns_a, first_ration,
          okawaru_metal_pillars_1_2
D:6:      uniq_pikel
D:7:      lightli_temple_of_fire
D:8:      the_bakery, uniq_erica
D:9:      serial_shops, shop

Skill      XL: |  1  2  3  4  5  6  7  8  9 10 |
---------------+-------------------------------+-----
Unarmed Combat | 4 5 6 7 8 9 10 | 10.6
Shields        | 2 4 |  4.1
Transmutations | 5 6 |  6.9
Spellcasting   | 4 |  4.6
Dodging        | 5 7 |  7.3
Invocations    | 4 |  4.0
Fighting       | |  1.0

Action                   |  1- 3 |  4- 6 |  7- 9 | 10-12 || total
-------------------------+-------+-------+-------+-------++-------
Melee: Unarmed           |    68 |   136 |   221 |   114 ||   539
       Constrict         |    20 |    34 |    24 |    14 ||    92
       Tentacles         |     7 |    39 |    23 |    22 ||    91
       Punch             |     4 |     8 |    11 |     9 ||    32
Throw: Stone             |       |       |    19 |     5 ||    24
 Cast: Sticks to Snakes  |       |     4 |     2 |       ||     6
       Spider Form       |       |       |    14 |     4 ||    18
       Blade Hands       |       |       |       |     1 ||     1
Evoke: Wand              |       |       |     2 |       ||     2
  Use: Scroll            |     4 |     5 |     9 |       ||    18
       Potion            |       |       |     4 |       ||     4
 Stab: Sleeping          |     6 |     8 |     4 |     1 ||    19
       Distracted        |       |       |     1 |     1 ||     2
  Eat: Chunk             |     1 |     6 |     5 |     5 ||    17
Armor: Skin              |     7 |     9 |    24 |     1 ||    41
Dodge: Dodged            |    64 |    83 |   137 |   111 ||   395
Block: Buckler           |       |     4 |    45 |    21 ||    70

Table legend:
 A = Spawn XP
 B = Non-spawn XP
 C = Spawn XP percentage of total XP
 D = Spawn monster count
 E = Non-spawn monster count
 F = Spawn count percentage of total count
 G = Total turns spent on level
                    A         B        C        D         E        F      G
               +---------+---------+-------+---------+---------+-------+---------
         Total |       0 |    8343 |   0.0 |       0 |     225 |   0.0 |  8735
               +---------+---------+-------+---------+---------+-------+---------
           D:1 |       0 |      33 |   0.0 |       0 |      18 |   0.0 |   750
           D:2 |       0 |     133 |   0.0 |       0 |      25 |   0.0 |  1417
           D:3 |       0 |     110 |   0.0 |       0 |      28 |   0.0 |   795
           D:4 |       0 |     127 |   0.0 |       0 |       9 |   0.0 |   888
           D:5 |       0 |    1245 |   0.0 |       0 |      47 |   0.0 |  1611
           D:6 |       0 |    2176 |   0.0 |       0 |      29 |   0.0 |  1599
           D:7 |       0 |    1041 |   0.0 |       0 |      30 |   0.0 |   462
           D:8 |       0 |    2962 |   0.0 |       0 |      32 |   0.0 |  1110
           D:9 |       0 |     516 |   0.0 |       0 |       7 |   0.0 |   103
               +---------+---------+-------+---------+---------+-------+---------
